 Dungeon Crawl Stone Soup version 0.29-a0-555-g3b24f45cc1 (webtiles) character file.

Game seed: 4898074213829706419

28 darkshadow145 the Skirmisher (level 3, 0/33 HPs)
             Began as a Draconian Cinder Acolyte on June 7, 2022.
             Was a High Priest of Ignis.
             Succumbed to an adder's poison
             ... on level 2 of the Dungeon.
             The game lasted 00:12:38 (928 turns).

darkshadow145 the Skirmisher (DrCA)                  Turns: 928, Time: 00:12:38

Health: 0/33       AC:  5    Str: 16    XL:     3   Next: 0%
Magic:  4/4        EV: 11    Int: 16    God:    Ignis [*****.]
Gold:   77         SH:  0    Dex:  6    Spells: 4/4 levels left

rFire   + . .      SeeInvis .   a - -1 falchion (flame)
rCold   . . .      Faith    .   (no shield)
rNeg    . . .      Spirit   .   (body armour unavailable)
rPois   .          Reflect  .   (helmet restricted)
rElec   .          Harm     .   (no cloak)
rCorr   .          Rampage  .   (no gloves)
Will    .....                   (no boots)
Stlth   +.........              (no amulet)
HPRegen 0.11/turn               (no ring)
MPRegen 0.09/turn               (no ring)

@: lethally poisoned (0 -> -9), rising, flying
A: AC +5, unfitting armour, cold-blooded
a: Renounce Religion, Fiery Armour, Foxfire Swarm


You were on level 2 of the Dungeon.
You worshipped Ignis.
Ignis was extremely pleased with you.
You visited 1 branch of the dungeon, and saw 2 of its levels.

You collected 77 gold pieces.

Inventory:

Hand Weapons
 a - a -1 falchion of flaming (weapon)
Scrolls
 b - a scroll of brand weapon {unknown}
 c - a scroll of identify {unknown}
Potions
 d - a potion of mutation {unknown}
 e - a potion of curing {unknown}


   Skills:
 + Level 3.9 Fighting
 + Level 3.5 Long Blades
 + Level 1.0 Spellcasting
 + Level 3.2 Fire Magic


You had 4 spell levels left.
You didn't know any spells.
Your spell library contained the following spells:

 Spells                   Type           Power      Damage    Failure   Level
 Scorch                   Fire           22%        2d6       10%         2
 Foxfire                  Conj/Fire      20%        2x1d5     12%         1
 Apportation              Tloc           0%         N/A       22%         1
 Summon Small Mammal      Summ           0%         N/A       22%         1
 Conjure Flame            Conj/Fire      5%         6-21      34%         3
 Inner Flame              Hex/Fire       5%         N/A       34%         3
 Call Canine Familiar     Summ           0%         N/A       56%         3
 Ozocubu's Armour         Ice            0%         N/A       56%         3
 Summon Guardian Golem    Hex/Summ       0%         N/A       56%         3
 Flame Wave               Conj/Fire      5%         2d5       75%         4
 Corpse Rot               Necr/Pois/Air  0%         N/A       92%         4
 Dispel Undead            Necr           0%         3d6       92%         4
 Alistair's Intoxication  Tmut/Pois      0%         N/A       99%         5
 Metabolic Englaciation   Hex/Ice        0%         N/A       99%         5
 Death Channel            Necr           0%         N/A       100%        6
 Simulacrum               Ice/Necr       0%         N/A       100%        6


Dungeon Overview and Level Annotations

Branches:
Dungeon (2/15)

Altars:


Innate Abilities, Weirdness & Mutations

Your plain brown scales are hard. (AC +5)
You cannot fit into any form of body armour.
You are cold-blooded and may be slowed by cold attacks.


Message History

The adder is lightly wounded.
You feel sick.
You are no longer poisoned.
The adder bites you but does no damage. The adder closely misses you.
The adder bites you but does no damage.
You miss the adder.
Your tail-slap misses the adder.
The adder is lightly wounded.
The adder bites you. The adder barely misses you.
The adder bites you but does no damage.
You hit the adder. You burn the adder.
The adder is heavily wounded.
The adder bites you but does no damage. The adder barely misses you.
The adder bites you but does no damage.
You barely miss the adder.
The adder is heavily wounded.
The adder barely misses you. The adder bites you.
You miss the adder.
The adder is heavily wounded.
The adder bites you.
You are poisoned.
The adder poisons you! The adder bites you. x2
You are lethally poisoned!
The adder poisons you! The adder closely misses you.
You closely miss the adder.
Your tail-slap misses the adder.
The adder is heavily wounded.
* * * LOW HITPOINT WARNING * * *
You feel very sick. The adder bites you.
* * * LOW HITPOINT WARNING * * *
The adder bites you but does no damage. The adder barely misses you.
Activating: Foxfire Swarm
Press: ? - help, Dir - look around, f - activate Look: an adder (heavily wounded) Flames leap up around you!
* * * LOW HITPOINT WARNING * * *
You feel sick. The adder bites you.
* * * LOW HITPOINT WARNING * * *
The adder bites you but does no damage.
You begin to rise into the air.
You die...

...# #+## #### +...
#... ####... ####
#..#... #..# #..#...
..# ##'####'####v##
# ##.........vvSv##
####..........vS@vv#
..............vvvvv#
######†####'####+#v#
# #..#.....# ... #
#..#.....# #### #
####.....# # #.....#
. +.....+ . #+###+#


You could see 2 adders.

Vanquished Creatures
  2 dart slugs
  6 ball pythons
  2 endoplasms
  A giant cockroach (D:1)
  2 hobgoblins (D:1)
  A quokka (D:1)
  2 bats (D:1)
  2 frilled lizards
  3 kobolds (D:1)
  3 rats
24 creatures vanquished.

Vanquished Creatures (others)
  2 plants (D:1)
  4 withered plants (D:1)
6 creatures vanquished.

Grand Total: 30 creatures vanquished

Notes
Turn   | Place    | Note
-------+----------+-------------------------------------------
     0 | D:1      | darkshadow145 the Draconian Cinder Acolyte began the quest
                  | for the Orb.
     0 | D:1      | Reached XP level 1. HP: 19/19 MP: 2/2
   202 | D:1      | Reached XP level 2. HP: 26/26 MP: 3/3
   380 | D:1      | Found a faded altar of an unknown god.
   904 | D:2      | Reached XP level 3. HP: 31/33 MP: 4/4
   928 | D:2      | Succumbed to an adder's poison

Illustrated notes

Levels and vault maps discovered:
D:1:      psy_arrival_wood_between_worlds, layout_basic,
          shapermc_ecumenical_altar_flowoftime, grunt_decor_resistance
D:2:      layout_loops_corners, minivault_24, minmay_misc_feat_enclosed,
          minmay_snake_closets, uniq_natasha, uniq_jessica

Action                   || total
-------------------------++-------
Melee: Falchion          ||   103
       Tailslap          ||    17
       Punch             ||     2
Invok: Fiery Armour      ||     1
       Foxfire Swarm     ||     1
       Rising Flame      ||     1
Armor: Skin              ||    37
Dodge: Dodged            ||    61

Table legend: (Time is in decaauts)
 A = Elapsed time spent in this place.
 B = Non-inter-level travel time spent in this place.
 C = Inter-level travel time spent in this place.
 D = Time resting spent in this place.
 E = Time spent auto-exploring this place.
 F = Levels seen in this place.
 G = Mean time per level.
                   A        B        C        D        E       F      G
               +--------+--------+--------+--------+--------+-----+--------+
         Total |    940 |    395 |    545 |      0 |    124 |   2 |  470.0 |
       Dungeon |    940 |    395 |    545 |      0 |    124 |   2 |  470.0 |
               +--------+--------+--------+--------+--------+-----+--------+

Top non-repeatable levels by time:
     D:1: 648 daAuts
     D:2: 291 daAuts
